 Dungeon Crawl Stone Soup version 0.31.0-32-g396128a36d (webtiles) character file.

Game seed: 15098662870995372783

446 KittyFluff the Ruffian (level 6, -6/59 HPs)
             Began as a Troll Shapeshifter on Mar 27, 2024.
             Mangled by an ogre
             ... wielding a +0 giant spiked club
              (20 damage)
             ... on level 5 of the Dungeon.
             The game lasted 00:09:33 (1902 turns).

KittyFluff the Ruffian (Troll Shapeshifter)         Turns: 1902, Time: 00:09:34

Health: -6/59      AC:  4    Str: 25    XL:     6   Next: 73%
Magic:  5/5        EV: 10    Int:  6    God:
Gold:   67         SH:  0    Dex:  9    Spells: 5/5 levels left

rFire   . .          .
                       - Unarmed
rCold   . . .        (no shield)
rNeg    . . .        a - +0 animal skin
rPois   .            (helmet currently unavailable)
rElec   .            (cloak currently unavailable)
rCorr   .            (gloves unavailable)
SInv    .            (boots unavailable)
Will    .....        (no amulet)
Stlth   +            (no ring)
HPRegen 1.09/turn    (no ring)
MPRegen 0.09/turn

%: no passive effects
@: beast-form
A: beast (slay +2), large, unfitting armour, claws 3, regeneration 1, shaggy fur
1, tough skin 1
a: Begin Untransformation


You were on level 5 of the Dungeon.
You were a hulking beast.
You visited 1 branch of the dungeon, and saw 5 of its levels.

You collected 67 gold pieces.

Inventory:

Hand Weapons
 m - a +0 sling
 r - a +0 mace
Missiles
 e - 10 stones (quivered)
 i - 4 boomerangs
Armour
 a - a +0 animal skin (worn)
Magical Staves
 u - a staff of alchemy
Jewellery
 q - an amulet of faith
Talismans
 c - a beast talisman
 d - a flux talisman
 o - a granite talisman
Wands
 t - a wand of polymorph (14)
Scrolls
 g - 6 scrolls of identify {unknown}
 k - a scroll of immolation {unknown}
 s - a scroll of revelation {unknown}
Potions
 b - a potion of lignification
 f - a potion of invisibility {unknown}
 h - 2 potions of curing {unknown}
 j - 2 potions of enlightenment {unknown}
 l - a potion of mutation {unknown}
 n - a potion of brilliance {unknown}
 p - 2 potions of heal wounds {unknown}


   Skills:
 + Level 2.6 Fighting
 + Level 2.2 Throwing
 + Level 3.0 Dodging
 + Level 4.3 Unarmed Combat
 + Level 4.1 Shapeshifting


You had 5 spell levels left.
You didn't know any spells.
Your spell library was empty.

Dungeon Overview and Level Annotations

Branches:
Dungeon (6/15)
 Temple: D:4-7

Altars:
Fedhas


Innate Abilities, Weirdness & Mutations

You are a hulking beast.
Your limbs bulge with bestial killing power. (Slay +2)
You are too large for most types of armour.
You have claws for hands.
Your natural rate of healing is unusually fast.
You are covered in fur. (AC +1)
You have tough skin. (AC +1)


Message History

You feel sick. The water moccasin bites you!
You scratch the water moccasin but do no damage.
The water moccasin is heavily wounded.
You feel sick. The water moccasin barely misses you.
You claw the water moccasin!
The water moccasin is almost dead.
You feel sick.
The water moccasin completely misses you.
The water moccasin closely misses you.
You miss the water moccasin.
The water moccasin is almost dead.
You feel sick. The water moccasin bites you.
* * * LOW HITPOINT WARNING * * *
You claw the water moccasin!
You kill the water moccasin!
You feel sick.
You are no longer poisoned.
Your Dodging skill increases to level 3!
You closely miss the orc. The orc hits you with a +0 dagger.
* * * LOW HITPOINT WARNING * * *
You closely miss the orc. You claw the orc!
You kill the orc!
The orc hits you but does no damage. The orc closely misses you.
Items here: ) †††.
You scratch the orc.
The orc is heavily wounded.
The orc hits you with a +0 trident.
* * * LOW HITPOINT WARNING * * *
You claw the orc!
You kill the orc!
Things that are here:
a +0 trident; a +0 leather armour; an orc corpse You closely miss the ogre.
The ogre hits you with a +0 giant spiked club!
* * * LOW HITPOINT WARNING * * *
You closely miss the ogre. You barely miss the ogre.
The ogre hits you with a +0 giant spiked club!!
You die...

#. #. #. #. #.#
#####.#########
..............# #
#####.#######.###########.#.#
### #..)hOoo........#
##########.###### #.# #.# #.#
##### #.# #...# #.# #.#.# #.#
######## #.#.# #.#


You could see an ogre and 2 orcs.

Vanquished Creatures
  A water moccasin (D:5)
  A phantom (D:5)
  A bombardier beetle (D:5)
  A hound (D:6)
  A jelly (D:5)
  An iguana (D:5)
  8 adders
  A dart slug (D:1)
  2 ribbon worms
  7 orcs
  5 endoplasms (D:1)
  3 giant cockroaches (D:1)
  6 goblins
  5 hobgoblins
  5 kobolds
  4 quokkas
  8 ball pythons
  4 bats
  4 frilled lizards (D:1)
  3 rats
71 creatures vanquished.

Notes
Turn   | Place    | Note
-------+----------+-------------------------------------------
     0 | D:1      | KittyFluff the Troll Shapeshifter began the quest for the
                  | Orb.
     0 | D:1      | Reached XP level 1. HP: 18/18 MP: 0/0
   157 | D:1      | Reached skill level 1 in Fighting
   164 | D:1      | Reached XP level 2. HP: 27/27 MP: 1/1
   427 | D:1      | Reached XP level 3. HP: 33/33 MP: 2/2
   845 | D:2      | Reached XP level 4. HP: 41/41 MP: 3/3
  1046 | D:2      | Reached skill level 1 in Throwing
  1135 | D:2      | Found a blossoming altar of Fedhas.
  1536 | D:3      | You fall into a shaft and drop 3 floors!
  1583 | D:6      | Reached XP level 5. HP: 49/49 MP: 4/4
  1596 | D:5      | Entered Level 5 of the Dungeon
  1702 | D:5      | Noticed a phantom
  1720 | D:5      | Killed a phantom
  1721 | D:5      | Reached XP level 6. HP: 53/58 MP: 5/5
  1879 | D:5      | Noticed a water moccasin
  1893 | D:5      | Killed a water moccasin
  1902 | D:5      | Mangled by an ogre

Illustrated notes

Levels and vault maps discovered:
D:1:      scummos_arrival_gate, layout_rooms, minmay_unequal
D:2:      layout_loops_cross, basic_altar, minmay_misc_feat_tiny
D:3:      layout_basic, kennysheep_pointless_box, serial_park_tiny_pond,
          st_stairs_6
D:5:      layout_loops_ring, xom_redecorated
D:6:      layout_loops_cross, serial_shops, nicolae_shop_gaudy_bauble,
          hangedman_abyss_or_decor_lesser_grid, glass_columns_a

Skill      XL: |  1  2  3  4  5  6 |
---------------+-------------------+-----
Fighting       | 1 2 |  2.6
Dodging        | 2 3 |  3.0
Throwing       | 1 2 |  2.2
Unarmed Combat | 4 |  4.3
Shapeshifting  | 4 |  4.1

Action                     |  1- 3 |  4- 6 || total
---------------------------+-------+-------++-------
  Melee: Unarmed           |    83 |    81 ||   164
         Punch             |     2 |     1 ||     3
  Throw: Stone             |    10 |       ||    10
 Armour: Animal skin       |    39 |    44 ||    83
  Dodge: Dodged            |    35 |    32 ||    67
